 Dungeon Crawl Stone Soup version 0.30.1-3-gfc49f6343a (webtiles) character file.

Game seed: 18347227215711344428

480 wingedge the Stinger (level 6, -1/48 HPs)
             Began as a Demigod Wanderer on Aug 5, 2023.
             Shot with an arrow by a centaur (6 damage)
             ... on level 6 of the Dungeon on Aug 6, 2023.
             The game lasted 00:19:38 (4333 turns).

wingedge the Stinger (Demigod Wanderer)             Turns: 4333, Time: 00:19:39

Health: -1/48      AC:  5    Str: 13    XL:     6   Next: 55%
Magic:  9/11       EV: 12    Int: 18    God:
Gold:   200        SH:  0    Dex: 17    Spells: 1/9 levels left

rFire   + . .        b - +0 arbalest
rCold   . . .        (shield currently unavailable)
rNeg    . . .        j - +0 robe
rPois   .            A - +0 helmet
rElec   .            l - +0 cloak
rCorr   .            (no gloves)
SInv    +            d - +0 pair of boots
Will    .....        (no amulet)
Stlth   ++           s - ring of see invisible
HPRegen 0.28/turn    (no ring)
MPRegen 0.12/turn

%: no passive effects
@: brilliant
A: high MP 1, forlorn, divine attributes, see invisible, fire resistance 1
a: no special abilities


You were on level 6 of the Dungeon.
You visited 1 branch of the dungeon, and saw 7 of its levels.

You collected 239 gold pieces.
You spent 39 gold pieces at shops.

Inventory:

Hand Weapons
 a - a +2 dagger
 b - a +0 arbalest (weapon)
 c - a +1 sling
 r - a +0 spear of pain
Missiles
 t - 2 curare-tipped darts
 v - 4 boomerangs
 B - 15 poisoned darts
Armour
 d - a +0 pair of boots (worn)
 f - a +0 leather armour
 j - a +0 robe (worn)
 l - a +0 cloak (worn)
 A - a +0 helmet (worn)
Jewellery
 s - a ring of see invisible (left hand)
Scrolls
 e - 2 scrolls of fear
 h - a scroll of poison {unknown}
 i - a scroll of enchant weapon
 n - a scroll of magic mapping {unknown}
 o - 5 scrolls of identify {unknown}
 p - a scroll of silence
 q - a scroll of noise {unknown}
 u - 2 scrolls of teleportation {unknown}
 x - 2 scrolls of blinking {unknown}
Potions
 z - a potion of attraction


   Skills:
 - Level 2.0 Fighting
 - Level 2.0 Ranged Weapons
 - Level 3.0 Throwing
 - Level 1.0 Armour
 - Level 2.0 Dodging
 - Level 2.0 Spellcasting
 + Level 1.6 Fire Magic
 + Level 3.5 Air Magic
 + Level 3.5 Poison Magic


You had one spell level left.
You knew the following spells:

 Your Spells              Type           Power      Damage    Failure   Level
a - Poisonous Vapours     Pois/Air       42%        N/A       6%          2
b - Ignite Poison         Fire/Tmut/Pois 12%        N/A       26%         3
c - Mephitic Cloud        Conj/Pois/Air  15%        N/A       21%         3

Your spell library contained the following spells:

 Spells                   Type           Power      Damage    Failure   Level
 Cigotuvi's Dreadful Rot  Necr/Pois/Air  30%        N/A       11%         2
 Freezing Cloud           Conj/Ice/Air   4%         6-21      97%         5


Dungeon Overview and Level Annotations

Branches:
Dungeon (7/15)             Temple (0/1) D:4

Shops:
D:1 !   D:5 =


Innate Abilities, Weirdness & Mutations

You have an increased reservoir of magic. (+10% MP)
You shall have no god before yourself.
Your divine heritage dramatically boosts your attributes as you level up.
You have supernaturally acute eyesight. (SInv)
Your flesh is heat resistant. (rF+)


Message History

Press: ? - help, Q - select action, (/) - cycle Shift-Dir - straight line, f - orc
Aim: an orc, wielding a +0 dagger and wearing a +0 ring mail (60% to hit)
You shoot a bolt. The bolt hits the orc!
You kill the orc!
An ice beast comes into view.
Fire: b) +0 arbalest
Press: ? - help, Q - select action, (/) - cycle Shift-Dir - straight line, f - ice beast
Aim: an ice beast (56% to hit)
You shoot a bolt. The bolt hits the ice beast!
The ice beast is heavily wounded.
Casting: Poisonous Vapours (safe; 6% risk of failure)
Confirm with . or Enter, or press ? or * to list all spells.
Okay, then.
Fire: b) +0 arbalest
Press: ? - help, Q - select action, (/) - cycle Shift-Dir - straight line, f/p - ice beast
Aim: an ice beast (heavily wounded, 56% to hit)
You shoot a bolt. The bolt barely misses the ice beast.
The ice beast hits you but does no damage.
The ice beast barely misses you.
Fire: b) +0 arbalest
Press: ? - help, Q - select action, (/) - cycle Shift-Dir - straight line, f/p - ice beast
Aim: an ice beast (heavily wounded, 56% to hit)
You shoot a bolt. The bolt closely misses the ice beast.
A centaur comes into view.
The ice beast hits you. The ice beast freezes you!
The centaur wields a +0 shortbow.
The centaur shoots an arrow.
The arrow hits you!
* * * LOW HITPOINT WARNING * * *
The ice beast hits you but does no damage.
Casting: Poisonous Vapours (safe; 6% risk of failure)
Confirm with . or Enter, or press ? or * to list all spells.
Okay, then.
Fire: b) +0 arbalest
Press: ? - help, Q - select action, (/) - cycle Shift-Dir - straight line, f/p - ice beast
Aim: an ice beast (heavily wounded, 56% to hit)
You shoot a bolt. The bolt closely misses the ice beast.
The centaur shoots an arrow.
The arrow hits you.
* * * LOW HITPOINT WARNING * * *
The centaur shoots an arrow.
The arrow hits you.
You die...

##.######>###
#. #.# #.# #.#
#.# #.# # #.#
#.#c######)####
#......@Y......
###############


You could see an ice beast and a centaur.

Vanquished Creatures
  A water moccasin (D:7)
  A black bear (D:4)
  A hound (D:4)
  An orc priest (D:4)
  An iguana (D:4)
  2 orc wizards (D:3)
  7 adders
  2 worms
  2 dart slugs (D:1)
  7 orcs
  7 ball pythons
  4 endoplasms
  3 giant cockroaches
  4 goblins
  8 hobgoblins
  10 kobolds
  2 quokkas
  7 bats
  3 frilled lizards
  3 rats
76 creatures vanquished.

Notes
Turn   | Place    | Note
-------+----------+-------------------------------------------
     0 | D:1      | wingedge the Demigod Wanderer began the quest for the Orb.
     0 | D:1      | wingedge set off with the following items: a +2 dagger, 2
                  | curare-tipped darts, a +0 sling, a +0 pair of boots, a
                  | scroll of fear, a +0 leather armour.
     0 | D:1      | Reached XP level 1. HP: 17/17 MP: 3/3
   270 | D:1      | Reached XP level 2. HP: 24/24 MP: 4/4
   652 | D:1      | Found Lentyqoi's Distillery.
   739 | D:1      | Bought a potion of curing for 39 gold pieces
   991 | D:2      | Reached XP level 3. HP: 29/29 MP: 6/6
  1005 | D:2      | Learned a level 2 spell: Poisonous Vapours
  1455 | D:2      | Reached skill level 1 in Air Magic
  1455 | D:2      | Reached skill level 1 in Poison Magic
  1630 | D:2      | Reached skill level 1 in Spellcasting
  1985 | D:3      | Reached XP level 4. HP: 28/36 MP: 1/8
  2859 | D:4      | Noticed a black bear
  2931 | D:4      | Reached XP level 5. HP: 41/41 MP: 0/10
  2936 | D:4      | Killed a black bear
  3107 | D:4      | Learned a level 3 spell: Ignite Poison
  3351 | D:4      | Reached XP level 6. HP: 41/48 MP: 2/11
  3464 | D:4      | Learned a level 3 spell: Mephitic Cloud
  3674 | D:4      | Found a staircase to the Ecumenical Temple.
  4130 | D:5      | Entered Level 5 of the Dungeon
  4162 | D:5      | Found Oxtoith's Jewellery Shoppe.
  4190 | D:5      | Reached skill level 1 in Fire Magic
  4252 | D:5      | Noticed a water moccasin
  4252 | D:5      | Noticed a water moccasin
  4264 | D:5      | Gained mutation: Your flesh is heat resistant. (rF+)
                  | [potion of mutation]
  4264 | D:5      | Gained mutation: You have supernaturally acute eyesight.
                  | (SInv) [potion of mutation]
  4305 | D:7      | Killed a water moccasin
  4333 | D:6      | Shot with an arrow by a centaur

Illustrated notes

Levels and vault maps discovered:
D:1:      psy_arrival_terrarium, layout_loops_ring, serial_shops, shop_statue
D:2:      layout_loops_corners, nicolae_ecumenical_oubliette
D:3:      layout_basic, lemuel_doored_altar, led_sif_book
D:4:      layout_loops_cross, minitemple, minmay_temple_entry_antechambers
D:5:      layout_rooms, nicolae_tso_swordbearing_angel, serial_shops,
          nicolae_shop_gaudy_bauble, minmay_quadrilaterals
D:6:      layout_loops_ring
D:7:      layout_loops_corners, uniq_pikel

Skill      XL: |  1  2  3  4  5  6 |
---------------+-------------------+-----
Fighting       | 2 |  2.0
Ranged Weapons | 2 |  2.0
Dodging        | 2 |  2.0
Throwing       | 3 |  3.0
Air Magic      | 1 2 3 |  3.5
Poison Magic   | 1 2 3 |  3.5
Spellcasting   | 1 2 |  2.0
Fire Magic     | 1 |  1.6
Armour         | |  1.0

Action                     |  1- 3 |  4- 6 || total
---------------------------+-------+-------++-------
  Melee: Dagger            |    58 |    54 ||   112
         Spear             |    11 |       ||    11
         Punch             |     1 |       ||     1
   Fire: Sling             |    75 |    70 ||   145
         Arbalest          |       |    20 ||    20
  Throw: Dart              |     4 |     2 ||     6
   Cast: Poisonous Vapours |     5 |    43 ||    48
         Mephitic Cloud    |       |     1 ||     1
  Evoke: Wand              |       |     6 ||     6
    Use: Scroll            |     3 |     1 ||     4
         Potion            |     1 |     8 ||     9
   Stab: Sleeping          |     1 |       ||     1
 Armour: Leather armour    |     6 |       ||     6
         Robe              |    14 |    29 ||    43
  Dodge: Dodged            |    55 |    60 ||   115
